 Dungeon Crawl Stone Soup version 0.25.0-9-g26727b657a (webtiles) character file.

Game seed: 9478876940217971929

1407 Azhada the Covered (level 8, 0/52 HPs)
             Began as a Gargoyle Fighter on June 20, 2020.
             Was a Believer of Nemelex Xobeh.
             Slain by a two-headed ogre
             ... wielding a +0 giant club
              (23 damage)
             ... on level 8 of the Dungeon.
             The game lasted 00:38:45 (5482 turns).

Azhada the Covered (Gargoyle Fighter)               Turns: 5482, Time: 00:38:46

Health: 0/52       AC: 18    Str: 23    XL:     8   Next: 70%
Magic:  8/8        EV:  6    Int:  8    God:    Nemelex Xobeh [**....]
Gold:   365        SH: 10    Dex:  9    Spells: 7/7 levels left

rFire    . . .     SeeInvis .   a - +5 flail
rCold    . . .     Gourm    .   c - +0 kite shield
rNeg     + . .     Faith    .   y - +0 chain mail
rPois    ∞         Spirit   .   x - +0 helmet
rElec    +         Reflect  .   (no cloak)
rCorr    .         Harm     .   U - +0 pair of gloves
MR       .....                  (no boots)
Stlth    ..........             (no amulet)
HPRegen  0.17/turn              (no ring)
MPRegen  0.11/turn              (no ring)

@: no status effects
A: negative energy resistance 1, electricity resistance, unbreathing,
petrification resistance, rot immunity, AC +5
a: Draw Escape, Draw Destruction, Draw Summoning, Renounce Religion


You were on level 8 of the Dungeon.
You worshipped Nemelex Xobeh.
Nemelex Xobeh was pleased with you.
You were not hungry.

You visited 1 branch of the dungeon, and saw 8 of its levels.

You collected 365 gold pieces.

Inventory:

Hand Weapons
 a - a +5 flail (weapon)
 e - a +0 spear
 i - a +0 fustibalus
 o - a +0 shortbow
 u - a +0 hunting sling
 A - a +0 short sword of protection
 B - a +0 whip
 E - a +4 short sword
 L - a +0 flail
 O - a +2 dagger of flaming
 P - a cursed -1 hand axe
 R - a +0 mace
 V - a +0 rapier
Missiles
 h - 12 poisoned darts (quivered)
 j - 4 boomerangs
 k - 108 stones
 m - 6 silver javelins
 w - 103 arrows
 I - 26 bolts
Armour
 c - a +0 kite shield (worn)
 x - a +0 helmet (worn)
 y - a +0 chain mail (worn)
 U - a +0 pair of gloves (worn)
Jewellery
 Q - an uncursed ring of stealth {unknown}
Wands
 g - a wand of polymorph (6)
Scrolls
 l - 2 scrolls of amnesia {unknown}
 n - a scroll of blinking {unknown}
 q - 2 scrolls of enchant armour {unknown}
 s - a scroll of teleportation {unknown}
 t - a scroll of noise {unknown}
 v - 4 scrolls of remove curse
 z - 4 scrolls of fear
 D - 3 scrolls of identify {unknown}
 X - 2 scrolls of fog {unknown}
 Y - 2 scrolls of random uselessness {unknown}
Potions
 d - a potion of might
 p - a potion of heal wounds {unknown}
 r - 2 potions of degeneration {unknown}
 C - a potion of lignification {unknown}
 F - 2 potions of haste {unknown}
 H - a potion of brilliance {unknown}
 T - 2 potions of magic {unknown}
 Z - a potion of berserk rage {unknown}
Comestibles
 b - a chunk of flesh
 f - 10 rations


   Skills:
 + Level 6.5 Fighting
 - Level 1.5 Short Blades
 + Level 5.1 Maces & Flails
 + Level 6.6 Armour
 + Level 6.5 Shields


You had 7 spell levels left.
You didn't know any spells.
Your spell library was empty.

Dungeon Overview and Level Annotations

Branches:
Dungeon (9/15)
 Temple: D:4-7         Lair: D:8-11         Orc: D:9-12

Altars:
Ashenzari
Gozag
Nemelex Xobeh
Qazlal
Trog


Innate Abilities, Weirdness & Mutations

You are resistant to torment.
Your stone body is resilient. (AC +5)
You are immune to poison.
You resist negative energy. (rN+)
You are resistant to electric shocks. (rElec)
You can survive without breathing.
You are immune to petrification.
You are immune to rotting.


Message History

The two-headed ogre hits you with a +0 giant club!
The two-headed ogre hits you but does no damage.
Your shield and chain mail prevent you from hitting the two-headed ogre.
The two-headed ogre is lightly wounded.
You block the two-headed ogre's attack. x2
You sock the two-headed ogre!
The two-headed ogre is moderately wounded.
The two-headed ogre hits you with a +0 giant club!
The two-headed ogre hits you with a +0 dire flail!
* * * LOW HITPOINT WARNING * * *
You feel better.
The two-headed ogre hits you with a +0 giant club.
You block the two-headed ogre's attack.
You feel better.
The two-headed ogre hits you but does no damage.
The two-headed ogre hits you with a +0 dire flail.
You draw a card...
You have drawn Degeneration.
Nothing appears to happen.
The two-headed ogre hits you with a +0 giant club!!
You die...
Your body glows slightly and disappears.

..............#
...............#
....≈≈........#
≈≈≈...≈........#
≈≈#≈≈##≈≈......#
#≈≈≈≈#≈......###
#≈>_≈≈≈.......%#
#≈⌠.≈#≈O.....#.#
+≈≈≈≈≈.@.#####
#≈≈##≈...#
.≈≈≈≈.....##
........≈≈≈≈.....#
#................#
#................#
#...............##
#...............#
#..............##


You could see a two-headed ogre.

Vanquished Creatures
  Prince Ribbit (D:5)
  A sky beast (D:6)
  An ice beast (D:5)
  An ogre (D:9)
  A centaur (D:5)
  A water moccasin zombie (D:5)
  A water moccasin skeleton (D:9)
  2 scorpions
  4 killer bees (D:6)
  A jelly (D:5)
  4 hounds
  An orc priest (D:6)
  An orc wizard (D:6)
  A centaur skeleton (D:6)
  8 adders
  2 oozes
  An adder zombie (D:5)
  An adder skeleton (D:6)
  3 worms
  2 dart slugs
  10 orcs
  4 bats
  7 giant cockroaches
  8 goblins
  5 hobgoblins
  6 jackals (D:1)
  8 kobolds
  3 quokkas
  6 frilled lizards
  A giant cockroach zombie (D:6)
  A quokka skeleton (D:5)
  8 rats
105 creatures vanquished.

Vanquished Creatures (collateral kills)
  An orc priest (D:5)
  An iguana (D:5)
  An orc wizard (D:5)
  An adder (D:2)
  2 orcs (D:5)
  2 frilled lizards (D:2)
8 creatures vanquished.

Grand Total: 113 creatures vanquished

Notes
Turn   | Place    | Note
-------+----------+-------------------------------------------
     0 | D:1      | Azhada the Gargoyle Fighter began the quest for the Orb.
     0 | D:1      | Reached XP level 1. HP: 14/14 MP: 1/1
   154 | D:1      | Reached XP level 2. HP: 19/19 MP: 2/2
   425 | D:1      | Found a sparkling altar of Nemelex Xobeh.
   433 | D:1      | Became a worshipper of Nemelex Xobeh the Trickster
   452 | D:1      | Reached XP level 3. HP: 23/23 MP: 3/3
   485 | D:1      | Received a gift from Nemelex Xobeh
  1202 | D:2      | Found an opulent altar of Gozag.
  1383 | D:2      | Reached XP level 4. HP: 29/29 MP: 4/4
  1490 | D:2      | Found a bloodstained altar of Trog.
  2351 | D:3      | Found a faded altar of an unknown god.
  2464 | D:4      | Reached XP level 5. HP: 31/33 MP: 5/5
  2604 | D:4      | Received a gift from Nemelex Xobeh
  2744 | D:4      | Reached skill level 1 in Short Blades
  2748 | D:4      | Reached * piety under Nemelex Xobeh
  2887 | D:4      | Reached XP level 6. HP: 39/39 MP: 6/6
  3159 | D:5      | Entered Level 5 of the Dungeon
  3205 | D:5      | Received a gift from Nemelex Xobeh
  3461 | D:5      | Found a shattered altar of Ashenzari.
  3678 | D:5      | Reached skill level 5 in Armour
  3701 | D:5      | Reached ** piety under Nemelex Xobeh
  3712 | D:5      | Reached skill level 5 in Fighting
  3712 | D:5      | Reached skill level 5 in Shields
  3712 | D:5      | Reached XP level 7. HP: 35/44 MP: 7/7
  3846 | D:5      | Received a gift from Nemelex Xobeh
  4037 | D:5      | Noticed Prince Ribbit
  4049 | D:5      | Killed Prince Ribbit
  4571 | D:5      | Found a sparkling altar of Nemelex Xobeh.
  4677 | D:6      | Reached XP level 8. HP: 51/51 MP: 8/8
  5144 | D:6      | You fall into a shaft and drop 3 floors!
  5160 | D:9      | Reached skill level 5 in Maces & Flails
  5464 | D:8      | Found a stormy altar of Qazlal.
  5469 | D:8      | Noticed a two-headed ogre
  5482 | D:8      | Slain by a two-headed ogre

Illustrated notes

Levels and vault maps discovered:
D:1:      ncdulo_halloftheorcs, layout_basic, minmay_misc_feat_iff,
          minivault_19, nemelex_altar_shiori
D:2:      layout_rooms, grunt_gozag_breadcrumbs, trog_book
D:3:      layout_rooms, chequers_ecumenical_altar_twisty, kennysheep_minor_cross
D:4:      layout_gridville, first_ration, hangedman_feature_mirror
D:5:      layout_gridville, kennysheep_little_box, old_standard_altar,
          uniq_prince_ribbit1
D:6:      layout_rooms, old_standard_altar
D:8:      layout_cave_pods, kennysheep_ying_yang, serial_shops,
          nicolae_shop_overgrown_old_shop, shop, shop_statue,
          nicolae_qazlal_general_emergency, uniq_maurice, uniq_psyche
D:9:      layout_roguey, doesnt_xom_only_xom, old_standard_altar,
          minmay_orc_entry_guard_dogs, grunt_ogre_cave, uniq_harold

Skill      XL: |  1  2  3  4  5  6  7  8 |
---------------+-------------------------+-----
Shields        | 4 5 6 |  6.5
Armour         | 4 5 6 |  6.6
Fighting       | 4 5 6 |  6.5
Maces & Flails | 3 4 5 |  5.1
Short Blades   | 1 |  1.5

Action                   |  1- 3 |  4- 6 |  7- 9 || total
-------------------------+-------+-------+-------++-------
Melee: Flail             |   136 |    82 |    90 ||   308
       Dagger            |       |   104 |       ||   104
Throw: Dart              |       |       |     3 ||     3
Invok: Draw Summoning    |     1 |     1 |       ||     2
       Draw Destruction  |       |     2 |    10 ||    12
       Draw Escape       |       |       |     2 ||     2
  Use: Scroll            |       |     8 |       ||     8
       Potion            |       |       |     4 ||     4
  Eat: Chunk             |     1 |     6 |       ||     7
       Ration            |       |     1 |     2 ||     3
Armor: Scale mail        |    68 |    87 |     2 ||   157
       Chain mail        |       |       |    48 ||    48
Dodge: Dodged            |    51 |    44 |    29 ||   124
Block: Kite shield       |    78 |    79 |    58 ||   215
